[Event "Titled Tuesday Blitz October 18 Late 2022"]
[White "Khumalo, Keith"]
[Black "Alfaro, William"]
[WhiteFideId "14319470"]
[BlackFideId "6100457"]
[WhiteElo "2056"]
[BlackElo "2096"]
[Result "1-0"]
[Round "04"]
[TimeControl "180+1"]
[Date "2022.10.19"]
[WhiteClock "0:01:08"]
[BlackClock "0:00:31"]

1. d4 Nf6 2. c4 g6 3. Nc3 Bg7 4. e4 d6 5. Bd3 O-O 6. Nge2 e5 7. d5 a5 8. O-O Na6 9. a3 Nc5 10. Bc2 Bd7 11. Rb1 a4 12. f3 Nh5 13. Be3 Qe8 14. Qd2 f5 15. exf5 gxf5 16. f4 exf4 17. Nxf4 Nf6 18. h3 Nce4 19. Nxe4 Nxe4 20. Qd3 Qf7 21. Bd4 Rae8 22. Rbe1 b6 23. Re3 Bxd4 24. Qxd4 Qg7 25. Qxg7+ Kxg7 26. Bxe4 Rxe4 27. Rxe4 fxe4 28. g3 Rb8 29. Rc1 Kf6 30. Kf2 Ke5 31. Ke3 Rg8 32. g4 Rf8 33. Rf1 Rb8 34. Rc1 b5 35. c5 b4 36. cxd6 cxd6 37. Rc4 bxa3 38. Rxe4+ Kf6 39. bxa3 Rb3+ 40. Kf2 Rxa3 41. Nh5+ Kf7 42. h4 Ra1 43. Ng3 a3 44. Re3 a2 45. Ra3 Bb5 46. Kg2 Bc4 47. Ra7+ Kf6 48. Ne4+ Ke5 49. Nc3 Rc1 50. Nxa2 Rc2+ 51. Kg3 Rxa2 52. Rxh7 Bxd5 53. Rh5+ Ke6 54. Kf4 Rf2+ 55. Kg5 Rf6 56. Rh8 Rf7 57. h5 Be4 58. h6 d5 59. Re8+ Kd7 60. Re5 Re7 61. Kf6 Rxe5 62. Kxe5 Kc6 63. g5 Kc5 64. Kf6 d4 65. g6 d3 66. h7 d2 67. h8=Q d1=Q 68. Qb8 Qf3+ 69. Kg7 Qc3+ 70. Kh6 Qh3+ 71. Kg7 Qd7+ 72. Kh6 Qd2+ 73. Kg7 Qd4+ 74. Kh6 Qe3+ 75. Kg7 Qd4+ 76. Kh6 Qd6 77. Qa7+ Kc4 78. Qa2+ Kd3 79. Qb1+ Ke3 80. Qg1+ Kf3 81. Qh1+ Ke3 82. Qg1+ Kd3 83. Qd1+ Ke3 84. Qxd6 1-0


[Site "https://www.chess.com"]

[Event "Titled Tuesday Blitz October 18 Late 2022"]
[White "Kirillov, Dmitry"]
[Black "Kovacevic, Radmila"]
[WhiteFideId "34180572"]
[BlackFideId "933171"]
[WhiteElo "2095"]
[BlackElo "2208"]
[Result "0-1"]
[Round "04"]
[TimeControl "180+1"]
[Date "2022.10.19"]
[WhiteClock "0:00:03"]
[BlackClock "0:00:53"]

1. e4 e5 2. Nf3 d5 3. exd5 e4 4. Qe2 Nf6 5. Nc3 Be7 6. Nxe4 O-O 7. Nxf6+ Bxf6 8. d4 Qxd5 9. Be3 Bg4 10. h3 Bh5 11. c4 Qa5+ 12. Qd2 Qa4 13. Be2 Nc6 14. d5 Rad8 15. O-O Qb4 16. Qxb4 Nxb4 17. Bc5 Nc2 18. Rac1 Bxf3 19. Bxf3 Nd4 20. Bxf8 Nxf3+ 21. gxf3 Kxf8 22. b3 c5 23. Rfe1 Rd7 24. Re4 g6 25. Rce1 Rd8 26. Kf1 Bc3 27. Rd1 Bf6 28. Ke2 b6 29. Kd3 Rd7 30. f4 Be7 31. Rde1 Bd6 32. f5 gxf5 33. Re8+ Kg7 34. f3 h5 35. a4 h4 36. a5 Bg3 37. Ra1 Kf6 38. axb6 axb6 39. Ra6 Rb7 40. Rh8 Kg5 41. Rg8+ Kf4 42. Rg7 Kxf3 43. Rh7 Kg2 44. Rh6 Kxh3 45. Raxb6 Rxb6 46. Rxb6 f4 47. Ke2 Kg2 48. Rf6 h3 49. d6 h2 50. d7 h1=Q 51. d8=Q Qe1+ 52. Kd3 Qd1+ 53. Ke4 Qxd8 0-1


[Site "https://www.chess.com"]

[Event "Titled Tuesday Blitz October 18 Late 2022"]
[White "Kobla, Vishal"]
[Black "Turutin, Alexander"]
[WhiteFideId "2078457"]
[BlackFideId "4180623"]
[WhiteElo "1972"]
[BlackElo "2402"]
[Result "0-1"]
[Round "04"]
[TimeControl "180+1"]
[Date "2022.10.19"]
[WhiteClock "0:00:14"]
[BlackClock "0:00:21"]

1. e4 c6 2. d4 d5 3. Nc3 dxe4 4. Nxe4 Bf5 5. Ng3 Bg6 6. h4 h6 7. Nf3 Nd7 8. h5 Bh7 9. Bd3 Bxd3 10. Qxd3 e6 11. Bd2 Ngf6 12. O-O-O Be7 13. Qe2 Qb6 14. Rhe1 O-O 15. Ne5 Nxe5 16. dxe5 Nd5 17. Ne4 Kh7 18. Kb1 Rad8 19. c4 Nb4 20. c5 Qa6 21. Qxa6 Nxa6 22. b4 b6 23. cxb6 axb6 24. a3 c5 25. b5 Nc7 26. a4 Rd4 27. Nc3 Nd5 28. Nxd5 Rxd5 29. Bc3 Ra8 30. a5 bxa5 31. Kc2 a4 32. Ra1 c4 33. Reb1 a3 34. b6 Rb8 35. Bd2 Bc5 36. Be3 Bxe3 37. fxe3 Rd3 38. Rb5 Rxe3 39. Rd1 a2 40. Ra1 Re2+ 41. Kc3 Rxg2 42. Kxc4 Rc2+ 43. Kb3 Rc6 44. Rxa2 Rcxb6 45. Rxb6 Rxb6+ 46. Kc4 Rb1 47. Ra7 Rf1 48. Kd4 g6 49. hxg6+ Kxg6 50. Ke3 Rf5 51. Ke4 h5 52. Ra8 Kg7 53. Ra1 h4 54. Rg1+ Kh6 55. Rg4 h3 56. Rg8 Rh5 57. Rg1 h2 58. Rh1 Kg5 59. Kf3 Kf5 60. Kg3 Kxe5 61. Re1+ Kf6 62. Rf1+ Kg6 63. Rh1 e5 64. Kg4 f5+ 65. Kf3 Kg5 66. Kg3 f4+ 67. Kf3 Kf5 68. Kg2 e4 69. Kf2 Kg4 70. Kg2 f3+ 71. Kf2 Kf4 0-1


[Site "https://www.chess.com"]

[Event "Titled Tuesday Blitz October 18 Late 2022"]
[White "Koutlas, Nikolaos"]
[Black "Rostomyan, Mikayel"]
[WhiteFideId "25827138"]
[BlackFideId "13313754"]
[WhiteElo "2167"]
[BlackElo "2018"]
[Result "1-0"]
[Round "04"]
[TimeControl "180+1"]
[Date "2022.10.19"]
[WhiteClock "0:00:45"]
[BlackClock "0:00:32"]

1. Nf3 d5 2. g3 Nc6 3. d4 Bf5 4. Bg2 Qd7 5. h3 f6 6. Nh4 Be6 7. c4 O-O-O 8. Nc3 Bf7 9. cxd5 Nb4 10. e4 g5 11. Nf3 c6 12. a3 Na6 13. Bxg5 fxg5 14. Ne5 Qe8 15. dxc6 bxc6 16. Qa4 Kb7 17. Rc1 c5 18. Nxf7 Qxf7 19. e5+ Kb8 20. Qxa6 e6 21. Qb5+ Kc8 22. Ne4 Qd7 23. Qa6+ Kb8 24. Nxc5 Bxc5 25. Rxc5 Ne7 26. Rb5+ 1-0


[Site "https://www.chess.com"]

[Event "Titled Tuesday Blitz October 18 Late 2022"]
[White "Koziorowicz, Michal"]
[Black "Sadhwani, Raunak"]
[WhiteFideId "21809194"]
[BlackFideId "35093487"]
[WhiteElo "2220"]
[BlackElo "2656"]
[Result "0-1"]
[Round "04"]
[TimeControl "180+1"]
[Date "2022.10.18"]
[WhiteClock "0:01:41"]
[BlackClock "0:01:17"]

1. e4 Nc6 2. Nc3 d6 3. d4 g6 4. Be3 Bg7 5. h4 Nf6 6. f3 h5 7. Qd2 e5 8. Nge2 exd4 9. Nxd4 Ne5 10. O-O-O a6 11. Bg5 Qd7 12. g3 c5 13. Bh3 Qd8 14. Nd5 Bxh3 15. Rxh3 cxd4 16. Qf4 Nxd5 17. exd5 Qd7 18. Bf6 Bh6 19. Bg5 Bxg5 20. Qxg5 Qxh3 21. f4 Qf5 0-1


[Site "https://www.chess.com"]

[Event "Titled Tuesday Blitz October 18 Late 2022"]
[White "Kunin, Vitaly"]
[Black "Girel, Joseph"]
[WhiteFideId "4128737"]
[BlackFideId "36033561"]
[WhiteElo "2417"]
[BlackElo "2281"]
[Result "0-1"]
[Round "04"]
[TimeControl "180+1"]
[Date "2022.10.18"]
[WhiteClock "0:00:01"]
[BlackClock "0:00:08"]

1. e4 c5 2. g3 e6 3. Bg2 d5 4. d3 Nc6 5. f4 f5 6. e5 Nh6 7. Nf3 Nf7 8. c4 d4 9. h4 Be7 10. Nbd2 Nh6 11. Nh2 Bd7 12. Qh5+ Nf7 13. a3 a6 14. Qe2 b5 15. b3 O-O 16. O-O Qc7 17. Bb2 Rfb8 18. Rfc1 Rb6 19. Rc2 Rab8 20. Bc1 Na5 21. Nhf3 bxc4 22. bxc4 Ba4 23. Rca2 Nh6 24. Nh2 Nf7 25. Nhf3 h6 26. Nf1 Nb3 27. Rb1 Nd8 28. N3d2 Nxc1 29. Rxc1 Nc6 30. Nf3 Na5 31. Re1 Nb3 32. N3h2 Na5 33. g4 Qd7 34. gxf5 exf5 35. Bd5+ Kh8 36. Qh5 Rb2 37. Re2 Rxa2 38. Rxa2 Bc6 39. e6 Qd6 40. Qxf5 Rf8 41. Qe5 Rxf4 42. Qxd6 Bxd6 43. Re2 Be7 44. h5 Rf5 45. Ng3 Rg5 46. Bxc6 Nxc6 47. Kf2 Bd6 48. Ne4 Rf5+ 49. Kg2 Bxh2 50. Kxh2 Rxh5+ 51. Kg3 Re5 52. Kf3 Kg8 53. Nd6 Rxe2 54. Kxe2 g5 55. Ne4 Kg7 56. Nxc5 Kf6 57. Nxa6 Kxe6 58. Nc7+ Kf5 59. a4 g4 60. Nd5 h5 61. Kf2 h4 62. Kg2 Kg5 63. Nc7 g3 64. Ne8 Nb4 65. a5 Na6 66. Nd6 Nc5 0-1


[Site "https://www.chess.com"]

[Event "Titled Tuesday Blitz October 18 Late 2022"]
[White "Leschinsky, Gary"]
[Black "Kowalysko, Roman"]
[WhiteFideId "30951321"]
[BlackFideId "30918510"]
[WhiteElo "1855"]
[BlackElo "2131"]
[Result "1-0"]
[Round "04"]
[TimeControl "180+1"]
[Date "2022.10.19"]
[WhiteClock "0:02:16"]
[BlackClock "0:01:18"]

1. d4 Nf6 2. c4 e5 3. dxe5 Ng4 4. e3 Nxe5 5. f4 Ng6 6. Ne2 Bb4+ 7. Nbc3 O-O 8. a3 Bxc3+ 9. Nxc3 Re8 10. Be2 c6 11. O-O d5 12. cxd5 cxd5 13. Nxd5 Be6 14. Nc3 Bf5 15. Qxd8 Rxd8 16. e4 Bd7 17. Be3 Nc6 18. Rad1 Be8 19. g3 h6 20. Kf2 Nf8 21. Nd5 Ne6 22. b4 Rac8 23. b5 Rxd5 24. exd5 Ncd8 25. dxe6 Nxe6 26. Rc1 Rd8 27. Rfd1 Ra8 28. f5 Ng5 29. Bxg5 hxg5 30. Rc7 a6 31. b6 Bc6 32. Bf3 Bxf3 33. Kxf3 Rb8 34. Rdd7 g6 35. f6 g4+ 36. Kxg4 a5 37. Kg5 a4 38. Kh6 g5 39. Rxf7 g4 40. Rg7+ Kh8 41. Rh7+ Kg8 42. Rcg7+ Kf8 43. Rh8# 1-0


[Site "https://www.chess.com"]

[Event "Titled Tuesday Blitz October 18 Late 2022"]
[White "Li, Hui"]
[Black "Erece, Ece Alkim"]
[WhiteFideId "15400310"]
[BlackFideId "6346006"]
[WhiteElo "1954"]
[BlackElo "1667"]
[Result "0-1"]
[Round "04"]
[TimeControl "180+1"]
[Date "2022.10.19"]
[WhiteClock "0:00:01"]
[BlackClock "0:00:06"]

1. e4 c5 2. Nf3 Nc6 3. d4 cxd4 4. Nxd4 d6 5. Nc3 Nf6 6. Be2 g6 7. Be3 Bg7 8. O-O a6 9. Nb3 O-O 10. f4 b5 11. Bf3 Bb7 12. Na4 bxa4 13. Nd4 Nd7 14. e5 Qc7 15. e6 Nc5 16. exf7+ Kh8 17. c3 Nxd4 18. cxd4 Bxf3 19. Qxf3 Nd7 20. Rac1 Qb8 21. Qc6 Nf6 22. Qxa4 Ng4 23. Bf2 Qxb2 24. Rc2 Qb7 25. Kh1 Qe4 26. Bg1 Rab8 27. h3 Nh6 28. Rcc1 Nf5 29. Bh2 Ne3 30. Rg1 Rb1 31. Rxb1 Bxd4 32. Rbe1 e5 33. fxe5 dxe5 34. Qxa6 Rxf7 35. Qe2 Qh4 36. a4 Rf2 37. Qa6 Rc2 38. Qa8+ Kg7 39. Qf3 Nf5 40. Qb7+ Kh6 41. Rgf1 Rf2 42. Rxf2 Qxf2 43. Rb1 Qe3 44. Qf3 Qd2 45. Rf1 Ne3 46. Rg1 Nf5 47. Rf1 Qa2 48. a5 Ne3 49. Rg1 Nf5 50. Qe4 Bxg1 51. Bxg1 Ng3+ 0-1


[Site "https://www.chess.com"]

[Event "Titled Tuesday Blitz October 18 Late 2022"]
[White "Licznerski, Lukasz"]
[Black "Sivakumar, Shaaketh"]
[WhiteFideId "1179250"]
[BlackFideId "30940176"]
[WhiteElo "2403"]
[BlackElo "2174"]
[Result "1-0"]
[Round "04"]
[TimeControl "180+1"]
[Date "2022.10.18"]
[WhiteClock "0:01:34"]
[BlackClock "0:01:13"]

1. e4 e6 2. d4 d5 3. Nd2 c5 4. Ngf3 Nc6 5. exd5 exd5 6. Bb5 Qe7+ 7. Be2 Qc7 8. O-O Nf6 9. Re1 Be6 10. dxc5 Bxc5 11. Nb3 Bb6 12. Nfd4 O-O 13. Be3 Ne4 14. c3 Qe7 15. Bf3 Nd6 16. Nxe6 Bxe3 17. Nxf8 Bxf2+ 18. Kxf2 Qh4+ 19. Kg1 Rxf8 20. Qxd5 Rd8 21. Qxd6 Qxe1+ 1-0


[Site "https://www.chess.com"]

[Event "Titled Tuesday Blitz October 18 Late 2022"]
[White "Lima, Endson Dos Santos"]
[Black "Arnold, Ken"]
[WhiteFideId "2133199"]
[BlackFideId "2056836"]
[WhiteElo "1953"]
[BlackElo "2345"]
[Result "1-0"]
[Round "04"]
[TimeControl "180+1"]
[Date "2022.10.19"]
[WhiteClock "0:01:04"]
[BlackClock "0:01:00"]

1. e4 c6 2. d4 d5 3. exd5 cxd5 4. c4 Nf6 5. cxd5 Nxd5 6. Nc3 Nc6 7. Nf3 Bg4 8. Qb3 Bxf3 9. gxf3 e6 10. Qxb7 Nxd4 11. Bb5+ Nxb5 12. Qxb5+ Qd7 13. Nxd5 exd5 14. Qxd7+ Kxd7 15. Be3 Bb4+ 16. Ke2 Rhc8 17. Rac1 a6 18. Rhd1 Ke6 19. Kd3 Bd6 20. f4 g6 21. Re1 Kf5 22. Kd4 Bxf4 23. Kxd5 Rd8+ 24. Kc6 Be5 25. b3 Rab8 26. Rc5 Rd6+ 27. Kc7 Rd5+ 28. Kc6 Rc8+ 29. Kxd5 1-0


[Site "https://www.chess.com"]

[Event "Titled Tuesday Blitz October 18 Late 2022"]
[White "Lorenzo De La Riva, Lazaro"]
[Black "Krishnan, Varun"]
[WhiteFideId "2268809"]
[BlackFideId "5054508"]
[WhiteElo "2325"]
[BlackElo "2552"]
[Result "1-0"]
[Round "04"]
[TimeControl "180+1"]
[Date "2022.10.19"]
[WhiteClock "0:00:25"]
[BlackClock "0:00:02"]

1. e4 e5 2. Nf3 Nc6 3. d4 exd4 4. Bc4 Nf6 5. e5 d5 6. Bb5 Ne4 7. Nxd4 Bd7 8. Bxc6 bxc6 9. O-O Bc5 10. f3 Ng5 11. f4 Ne4 12. Be3 O-O 13. Nd2 Nxd2 14. Qxd2 Qe7 15. Nb3 Bxe3+ 16. Qxe3 Bf5 17. Nd4 Qd7 18. b4 Be4 19. f5 a5 20. c3 axb4 21. cxb4 Rfe8 22. e6 fxe6 23. fxe6 Rxe6 24. Nxe6 Qxe6 25. a4 h6 26. a5 Qd6 27. Qd4 Rb8 28. Qc5 Qg6 29. Rf2 Ra8 30. a6 Kh7 31. a7 Qe6 32. Qd4 Qd6 33. Re1 Qg6 34. h3 h5 35. Qe3 Rf8 36. Ra1 Ra8 37. Qc3 Qd6 38. Ra6 d4 39. Qe1 Qd5 40. Ra5 Qe6 41. Rxh5+ Kg8 42. Rh4 Bd5 43. Qxe6+ Bxe6 44. Rxd4 Rxa7 45. Re2 Bd5 46. b5 Ra1+ 47. Kh2 Rc1 48. bxc6 Bxc6 49. Re7 Rc2 50. Rg4 Kf8 51. Rexg7 Bd5 52. R7g5 c6 53. h4 Ke7 54. h5 Kf6 55. h6 Ra2 56. h7 Ra8 57. Rg8 Ra7 58. h8=Q+ 1-0


[Site "https://www.chess.com"]

[Event "Titled Tuesday Blitz October 18 Late 2022"]
[White "Luxama, Jacques Muller"]
[Black "Forgacs, Attila Jr."]
[WhiteFideId "11900113"]
[BlackFideId "773654"]
[WhiteElo "1931"]
[BlackElo "2168"]
[Result "1-0"]
[Round "04"]
[TimeControl "180+1"]
[Date "2022.10.19"]
[WhiteClock "0:00:09"]
[BlackClock "0:00:35"]

1. e4 e5 2. Nf3 Nc6 3. Bc4 Nf6 4. d3 h6 5. O-O d6 6. Re1 g5 7. c3 Bg7 8. d4 g4 9. Nh4 Nxe4 10. dxe5 Nxe5 11. Rxe4 Qxh4 12. f4 gxf3 13. Rxh4 fxg2 14. Bd5 c6 15. Bxg2 Bf5 16. Qxd6 Rd8 17. Qb4 Rd1+ 18. Bf1 Rg8 19. Kf2 Bf6 20. Rf4 Rxf1+ 21. Kxf1 Bh3+ 22. Ke2 Rg2+ 23. Rf2 Bg4+ 24. Kf1 Rxf2+ 25. Kxf2 Nd3+ 26. Kg3 h5 27. Qxb7 Be5+ 28. Kg2 Ne1+ 29. Kf1 Nc2 30. Qxc6+ Ke7 31. Bg5+ f6 32. Qc5+ Ke6 33. Bh4 Bh3+ 34. Kf2 Nxa1 35. Nd2 Nc2 36. Bg3 Ne1 37. Kxe1 Bxg3+ 38. hxg3 Bf5 39. Nf3 Bg4 40. Nd4+ Kf7 41. Qc7+ Kg6 42. Qf4 a5 43. b4 Kf7 44. b5 Kg6 45. b6 Bc8 46. Qe4+ Kf7 47. Qd5+ Kg6 48. Qc6 Bg4 49. b7 Kg5 50. b8=Q a4 51. Qg8+ Kh6 52. Qxf6# 1-0


[Site "https://www.chess.com"]

[Event "Titled Tuesday Blitz October 18 Late 2022"]
[White "Madaminov, Mukhiddin"]
[Black "Nakamura, Hikaru"]
[WhiteFideId "14210703"]
[BlackFideId "2016192"]
[WhiteElo "2341"]
[BlackElo "2909"]
[Result "0-1"]
[Round "04"]
[TimeControl "180+1"]
[Date "2022.10.18"]
[WhiteClock "0:00:03"]
[BlackClock "0:00:18"]

1. d4 b5 2. e4 Bb7 3. Bd3 e6 4. Nf3 c5 5. c3 a6 6. O-O Nf6 7. Re1 d6 8. Nbd2 Nbd7 9. Nf1 e5 10. a4 c4 11. Bc2 Be7 12. Ng3 g6 13. h3 O-O 14. Be3 Re8 15. Qd2 Bf8 16. Nh2 exd4 17. Bxd4 Nc5 18. axb5 axb5 19. Rxa8 Bxa8 20. Ng4 Nxg4 21. hxg4 Qh4 22. Qf4 Ne6 23. Qf6 Qxf6 24. Bxf6 Bh6 25. Ra1 Bc6 26. Ne2 d5 27. Ra6 Ba8 28. e5 Bf8 29. Kf1 Bc5 30. f4 d4 31. cxd4 Nxd4 32. Nxd4 Bxd4 33. b3 Bb7 34. Rd6 Bc5 35. Rd7 Bc8 36. Rc7 Bb4 37. bxc4 bxc4 38. Ba4 Rf8 39. Rxc4 Ba6 40. Bb3 Rc8 0-1


[Site "https://www.chess.com"]

[Event "Titled Tuesday Blitz October 18 Late 2022"]
[White "Mahdavi, Reza"]
[Black "Jobava, Baadur"]
[WhiteFideId "12595926"]
[BlackFideId "13601520"]
[WhiteElo "2240"]
[BlackElo "2582"]
[Result "1-0"]
[Round "04"]
[TimeControl "180+1"]
[Date "2022.10.18"]
[WhiteClock "0:00:17"]
[BlackClock "0:00:15"]

1. e4 e6 2. d4 d5 3. Nc3 dxe4 4. Nxe4 Bd7 5. Nf3 Bc6 6. Bd3 Nd7 7. Bf4 Ngf6 8. Nxf6+ Nxf6 9. Qe2 Bd6 10. Ne5 O-O 11. O-O-O a5 12. Rhe1 a4 13. a3 Qe7 14. c3 Rfd8 15. Bg5 Ra5 16. Bh4 h6 17. f4 Re8 18. g4 Qf8 19. g5 Nd5 20. Bg3 hxg5 21. fxg5 f5 22. gxf6 Qxf6 23. Kc2 Qh6 24. Nc4 Raa8 25. Nxd6 cxd6 26. Bxd6 Rac8 27. Rg1 Ne3+ 28. Kb1 Nxd1 29. Qxd1 e5 30. Bxe5 Rxe5 31. dxe5 Qe3 32. Bc4+ Kf8 33. Rf1+ Ke7 34. Qd6+ Ke8 35. Bf7# 1-0


[Site "https://www.chess.com"]

[Event "Titled Tuesday Blitz October 18 Late 2022"]
[White "Marin Ramirez, Gerardo"]
[Black "Schut, Han"]
[WhiteFideId "3901068"]
[BlackFideId "1005561"]
[WhiteElo "2041"]
[BlackElo "2024"]
[Result "1-0"]
[Round "04"]
[TimeControl "180+1"]
[Date "2022.10.19"]
[WhiteClock "0:00:26"]
[BlackClock "0:00:14"]

1. d4 Nf6 2. Nf3 g6 3. c4 Bg7 4. g3 O-O 5. Bg2 d5 6. Qc2 dxc4 7. Qxc4 Nc6 8. O-O Be6 9. Qa4 Nd5 10. Rd1 Nb6 11. Qc2 Bf5 12. Qb3 Be4 13. e3 Qd5 14. Qxd5 Nxd5 15. Nc3 Nxc3 16. bxc3 e5 17. Ba3 Rfd8 18. Nd2 Bxg2 19. Kxg2 exd4 20. cxd4 Na5 21. Rdc1 Rac8 22. Nc4 Nxc4 23. Rxc4 c6 24. Rb1 Bf8 25. Bxf8 Kxf8 26. Rxb7 a5 27. Ra7 Rd5 28. Ra6 Rb5 29. Ra4 c5 30. R6xa5 Rxa5 31. Rxa5 c4 32. Rb5 c3 33. Rb1 Ra8 34. Rc1 Ra3 35. Rc2 Ke7 36. Kf3 Kd6 37. Ke4 f5+ 38. Kd3 Kd5 39. Rxc3 Rxa2 40. Rc2 Ra1 41. Ke2 Rh1 42. h4 Kd6 43. Kf3 h6 44. Ra2 g5 45. Ra6+ Kd5 46. Rxh6 g4+ 47. Kg2 Ke4 48. Kxh1 1-0


[Site "https://www.chess.com"]

[Event "Titled Tuesday Blitz October 18 Late 2022"]
[White "Melikhov, Evgeny V."]
[Black "Roque Sola, Gisela"]
[WhiteFideId "4122046"]
[BlackFideId "5120241"]
[WhiteElo "2169"]
[BlackElo "1961"]
[Result "0-1"]
[Round "04"]
[TimeControl "180+1"]
[Date "2022.10.19"]
[WhiteClock "0:00:04"]
[BlackClock "0:00:09"]

1. d4 Nf6 2. Bg5 e6 3. e4 Be7 4. Bxf6 Bxf6 5. Nf3 d5 6. e5 Be7 7. Bd3 c5 8. c3 Nc6 9. O-O cxd4 10. cxd4 Qb6 11. Nc3 Bd7 12. Nb5 a6 13. Nd6+ Bxd6 14. exd6 Nxd4 15. Nxd4 Qxd4 16. Qb3 b5 17. Rad1 Qb6 18. Rfe1 O-O 19. Qb4 a5 20. Qh4 h6 21. Re3 Qxd6 22. Rg3 e5 23. Be4 Rac8 24. b3 dxe4 25. Re1 Bf5 26. h3 Bg6 27. Qg4 Rc2 28. h4 Qd2 29. Rf1 Qe2 30. Qd7 Rxa2 31. Re3 Qd2 32. Qe7 a4 33. bxa4 bxa4 34. Qxe5 Rb2 35. h5 Bh7 36. Rg3 f6 37. Qe6+ Kh8 38. Qe7 Rg8 39. Ra1 Qd4 40. Rc1 Qxf2+ 41. Kh2 Qf4 42. Rc8 Qh4+ 43. Rh3 Qxh3+ 44. Kxh3 Rxc8 45. Kg3 Rb3+ 46. Kf4 a3 47. Qe6 Rcb8 48. Qa6 e3 49. Kf3 e2+ 50. Kf2 Bd3 51. Qa7 Rb2 52. Ke1 Rb1+ 53. Kf2 e1=Q+ 54. Kf3 Qe2+ 55. Kg3 Bf5 56. Qc7 Qg4+ 57. Kh2 Qxh5+ 58. Kg3 Qg4+ 59. Kh2 R1b2 60. Qc6 Rxg2+ 61. Qxg2 Rb2 62. Kh1 Qxg2# 0-1


[Site "https://www.chess.com"]

[Event "Titled Tuesday Blitz October 18 Late 2022"]
[White "Melkumyan, Hrant"]
[Black "Yanchenko, Roman"]
[WhiteFideId "13302485"]
[BlackFideId "4137329"]
[WhiteElo "2604"]
[BlackElo "2514"]
[Result "0-1"]
[Round "04"]
[TimeControl "180+1"]
[Date "2022.10.18"]
[WhiteClock "0:00:08"]
[BlackClock "0:00:02"]

1. Nf3 d5 2. e3 c5 3. b3 Nc6 4. Bb2 Bf5 5. Bb5 e6 6. O-O Ne7 7. d4 a6 8. Be2 cxd4 9. exd4 Ng6 10. c4 Bxb1 11. Rxb1 Nf4 12. c5 Be7 13. Bc1 Nxe2+ 14. Qxe2 O-O 15. b4 Bf6 16. Rd1 Qc7 17. g3 Rfc8 18. Bf4 Qd7 19. a4 Qd8 20. h4 h5 21. Kg2 g6 22. Rd3 Ne7 23. Bg5 Nf5 24. Bxf6 Qxf6 25. Ne5 Rc7 26. Qd2 Nxd4 27. Nxf7 Rxf7 28. Rxd4 Qf3+ 29. Kh2 Raf8 30. Rf1 Qb3 31. a5 Rf3 32. Kg2 R8f6 33. Qe2 R3f5 34. f4 Qa4 35. Qd2 Qb5 36. Re1 Kf7 37. Qd3 Qxd3 38. Rxd3 Ke7 39. b5 axb5 40. Rb3 d4 41. Rxb5 Kd8 42. Rd1 e5 43. fxe5 Rf2+ 44. Kh3 R6f3 45. Rxb7 Rc2 46. Rxd4+ Kc8 47. Rb1 Rff2 48. Rh1 Rxc5 49. Rd6 Rxe5 50. Rxg6 Rxa5 51. Rg5 Rff5 52. Rg7 Rf2 53. Rc1+ Kd8 54. Rb1 Kc8 55. Rg5 Rxg5 56. hxg5 Kd7 57. Kh4 Rh2# 0-1


[Site "https://www.chess.com"]

[Event "Titled Tuesday Blitz October 18 Late 2022"]
[White "Mendez Fortes, Eduardo Jesus"]
[Black "Rengifo Blancas, Renzo Jhonathan"]
[WhiteFideId "3502376"]
[BlackFideId "3807185"]
[WhiteElo "2307"]
[BlackElo "2058"]
[Result "1-0"]
[Round "04"]
[TimeControl "180+1"]
[Date "2022.10.19"]
[WhiteClock "0:01:12"]
[BlackClock "0:00:03"]

1. e4 g6 2. d4 c6 3. Nc3 d5 4. e5 Bg7 5. f4 Nh6 6. Nf3 Bg4 7. h3 Bxf3 8. Qxf3 Nf5 9. Be3 h5 10. Bf2 h4 11. Bd3 e6 12. O-O Nd7 13. Ne2 Qe7 14. c4 Nb6 15. c5 Nd7 16. b4 a5 17. b5 O-O 18. a4 Rfb8 19. Qg4 Nf8 20. Bxf5 exf5 21. Qxh4 Qxh4 22. Bxh4 Ne6 23. Be7 Bf8 24. Bxf8 Kxf8 25. Kf2 Ke7 26. g4 Rh8 27. Rh1 Rh4 28. Kg3 Rah8 29. bxc6 bxc6 30. gxf5 gxf5 31. Rab1 Kd7 32. Rb7+ Nc7 33. Kg2 R4h7 34. Ng3 Rh4 35. Kf3 Rxh3 36. Rxh3 Rxh3 37. Rb8 Ne6 38. Rb7+ Ke8 39. Ra7 Nxd4+ 40. Kg2 Rh4 41. Rxa5 Rxf4 42. Nh5 Rg4+ 43. Kf2 Rh4 44. Nf6+ Ke7 45. Ra8 Rf4+ 46. Kg3 Ne2+ 47. Kg2 Rg4+ 48. Kf3 Nd4+ 49. Kf2 Rf4+ 50. Ke3 Re4+ 51. Nxe4 Nc2+ 52. Kd3 Nb4+ 53. Kc3 1-0


[Site "https://www.chess.com"]

[Event "Titled Tuesday Blitz October 18 Late 2022"]
[White "Mickiewicz, Piotr"]
[Black "Pinheiro, Iung Alicio de O."]
[WhiteFideId "1114891"]
[BlackFideId "2104350"]
[WhiteElo "2246"]
[BlackElo "2283"]
[Result "0-1"]
[Round "04"]
[TimeControl "180+1"]
[Date "2022.10.19"]
[WhiteClock "0:00:02"]
[BlackClock "0:00:05"]

1. Nf3 d5 2. b3 c6 3. Bb2 Nf6 4. e3 Bf5 5. Be2 h6 6. O-O e6 7. d3 Nbd7 8. Nbd2 Be7 9. a3 a5 10. c4 O-O 11. Qc2 Bh7 12. Bc3 Qb6 13. Qb2 c5 14. Ne5 Rfd8 15. Rfd1 Ne8 16. Nxd7 Rxd7 17. Nf3 Bf6 18. Bxf6 Nxf6 19. Ne5 Rdd8 20. Qc2 d4 21. e4 Ne8 22. f4 f6 23. Nf3 Qc7 24. g3 Bg6 25. b4 Bh5 26. bxc5 Bxf3 27. Bxf3 Qxc5 28. Qb2 Nd6 29. Rab1 e5 30. f5 Ra6 31. Rd2 Rb8 32. a4 Rc6 33. Qb3 Kf8 34. Rdb2 Qa7 35. Bh5 b6 36. Qd1 Qc7 37. Qg4 Qd8 38. Qg6 Qe8 39. c5 Qxg6 40. fxg6 Rxc5 41. Rxb6 Rxb6 42. Rxb6 Ke7 43. Ra6 Nb7 44. Ra7 Rc7 45. Bg4 Kd6 46. Ra8 Nc5 47. Rxa5 Nxd3 48. Ra6+ Kc5 49. Ra8 Nb4 50. a5 Nc6 51. a6 d3 52. Kf2 Kd4 53. Rc8 Rxc8 54. Bxc8 Kc3 55. Bb7 d2 56. Bxc6 d1=Q 57. Kg2 Qd4 58. Bd5 Qa7 59. Kh3 Qxa6 60. Kg4 Qe2+ 61. Kf5 Qxh2 62. Ke6 Qxg3 63. Kf7 h5 64. Kxg7 Qg5 65. Kh7 h4 66. g7 Qh5+ 67. Kg8 h3 68. Kf8 Qh6 69. Be6 h2 70. Ke8 Qxg7 0-1


[Site "https://www.chess.com"]

[Event "Titled Tuesday Blitz October 18 Late 2022"]
[White "Moaataz, Ayah"]
[Black "Aqib Javaid Butt"]
[WhiteFideId "10615873"]
[BlackFideId "7801262"]
[WhiteElo "1993"]
[BlackElo "1659"]
[Result "1-0"]
[Round "04"]
[TimeControl "180+1"]
[Date "2022.10.19"]
[WhiteClock "0:00:19"]
[BlackClock "0:00:49"]

1. c4 g6 2. g3 Bg7 3. Bg2 c6 4. Nc3 d6 5. Nf3 e5 6. O-O Ne7 7. d4 O-O 8. Bg5 h6 9. Bc1 Bg4 10. d5 cxd5 11. cxd5 Bxf3 12. Bxf3 Nd7 13. b4 f5 14. e4 Rc8 15. Nb5 Qb6 16. a4 a6 17. Be3 Qd8 18. Nxd6 Rb8 19. b5 Nb6 20. Bc5 Rf6 21. Bxb6 Qxb6 22. Nc4 Qc5 23. Nxe5 fxe4 24. Nd7 Qd6 25. Nxf6+ Qxf6 26. Bxe4 Qxa1 27. Qxa1 Bxa1 28. Rxa1 Rd8 29. d6 Rxd6 30. Bxb7 axb5 31. axb5 Rb6 32. Ba6 Nd5 33. Rd1 Nc3 34. Rd8+ Kf7 35. Rd7+ Ke6 36. Rh7 h5 37. Bc8+ Kf6 38. Bd7 Nxb5 39. Bxb5 Rxb5 40. h4 Rb1+ 41. Kg2 Rb2 42. Rc7 Ra2 43. Rc6+ Kf5 44. Rc5+ Kf6 45. Kf3 Ra3+ 46. Kf4 Ra4+ 47. Ke3 Ra3+ 48. Ke4 Ra4+ 49. Ke3 Ra3+ 50. Ke2 Ra2+ 51. Kf1 Ra1+ 52. Kg2 Ra2 53. Rb5 Rc2 54. Kf3 Rc3+ 55. Ke4 Rc4+ 56. Kd3 Ra4 57. f3 Ra2 58. Rb6+ Kf5 59. Ke3 Ra3+ 60. Kf2 Ra2+ 61. Kg1 Rc2 62. Rb5+ Kf6 63. Rg5 Kf7 64. g4 hxg4 65. Rxg4 Kf6 66. Rg2 Rc4 67. Rh2 Kf5 68. Kf2 Kf4 69. Rg2 Rc2+ 70. Kg1 Kf5 71. Rxc2 1-0


[Site "https://www.chess.com"]

[Event "Titled Tuesday Blitz October 18 Late 2022"]
[White "Mortazavi, Ali"]
[Black "Iliaguev, Nisim"]
[WhiteFideId "401323"]
[BlackFideId "2817276"]
[WhiteElo "2548"]
[BlackElo "2729"]
[Result "0-1"]
[Round "04"]
[TimeControl "180+1"]
[Date "2022.10.19"]
[WhiteClock "0:00:02"]
[BlackClock "0:00:26"]

1. e4 c6 2. Nc3 d5 3. Qf3 e6 4. d3 Nf6 5. g3 Nbd7 6. Bg2 Bb4 7. Bd2 d4 8. Nb1 a5 9. a3 Bxd2+ 10. Nxd2 h5 11. Nc4 Qc7 12. h4 b5 13. Nd2 O-O 14. Nh3 Ng4 15. Qe2 a4 16. Nf4 g6 17. Bh3 Ndf6 18. Ng2 e5 19. f3 c5 20. Bxg4 hxg4 21. f4 Nh5 22. Qf2 f5 23. exf5 exf4 24. Nxf4 Nxf4 25. gxf4 Re8+ 26. Kd1 gxf5 27. h5 Bb7 28. Rg1 Re3 29. Nf1 Rf3 30. Qh4 Qxf4 31. Nd2 Rf2 0-1


[Site "https://www.chess.com"]